 Dungeon Crawl Stone Soup version 0.22.0-6-g71bd7aa (webtiles) character file.

399 sking99 the Insei (level 6, 0/39 HPs)
             Began as an Octopode Transmuter on Aug 14, 2018.
             Was a Follower of Makhleb.
             Slain by a phantom (7 damage)
             ... on level 5 of the Dungeon.
             The game lasted 00:07:22 (4695 turns).

sking99 the Insei (Octopode Transmuter)             Turns: 4695, Time: 00:07:23

Health: 0/39       AC:  2    Str: 10    XL:     6   Next: 84%
Magic:  3/9        EV: 20    Int: 15    God:    Makhleb [*.....]
Gold:   233        SH:  0    Dex: 19    Spells: 3/9 levels left

rFire    . . .     SeeInvis .     - Unarmed
rCold    . . .     Gourm    .   (shield currently unavailable)
rNeg     . . .     Faith    .   (helmet currently unavailable)
rPois    x         Spirit   .   (no amulet)
rElec    .         Reflect  .   (no ring)
rCorr    .         Harm     .   (no ring)
MR       .....                  (no ring)
Stlth    ++........             (no ring)
HPRegen  0.13/turn              (no ring)
MPRegen  0.11/turn              (no ring)
                                (no ring)
                                (no ring)

@: spider-form (expiring), very slightly contaminated, hasted, very quick
A: tiny, almost no armour, stealthy swim, (amphibious), 8 rings, (constrict 8)
a: End Transformation, Renounce Religion


You were on level 5 of the Dungeon.
You worshipped Makhleb.
Makhleb was aware of your devotion.
You were hungry.
You were a venomous arachnid creature.
You visited 1 branch of the dungeon, and saw 5 of its levels.

You collected 233 gold pieces.

Inventory:

Missiles
 a - 53 arrows
Jewellery
 f - a +4 ring of slaying {unknown}
Wands
 m - a wand of clouds (5)
Scrolls
 e - a scroll of amnesia {unknown}
 j - 4 scrolls of teleportation
 l - a scroll of fear
 p - a scroll of remove curse {unknown}
Potions
 b - a potion of might {unknown}
 d - a potion of agility {unknown}
 g - a potion of lignification
 i - 2 potions of resistance
 k - a potion of magic {unknown}
 n - a potion of berserk rage {unknown}
Comestibles
 c - 9 rations


   Skills:
 + Level 1.8 Fighting
 + Level 2.5 Dodging
 + Level 5.7 Unarmed Combat
 - Level 2.0 Spellcasting
 - Level 4.0 Transmutations
 - Level 2.0 Poison Magic


You had 3 spell levels left.
You knew the following spells:

 Your Spells              Type           Power        Failure   Level  Hunger
a - Beastly Appendage     Tmut           ##....       13%         1    #......
b - Sticks to Snakes      Tmut           ##......     17%         2    ###....
c - Spider Form           Tmut/Pois      ##........   38%         3    ###....

Your spell library contained the following spells:

 Spells                   Type           Power        Failure   Level  Hunger
 Blade Hands              Tmut           ##........   89%         5    ######.
 Ice Form                 Ice/Tmut       #.......     85%         4    #####..


Dungeon Overview and Level Annotations

Branches:
Dungeon (5/15)
 Temple: D:4-7

Altars:
Dithmenos
Kikubaaqudgha
Makhleb
Nemelex Xobeh
Trog
Uskayaw
Vehumet
Xom
Yredelemnul
The Shining One

Annotations:
D:3 1 runed door


Innate Abilities, Weirdness & Mutations

You cannot wear most types of armour.
You are very stealthy in the water. (Stealth+)
((You are amphibious.))
You can wear up to eight rings at the same time.
((You can use your tentacles to constrict eight enemies at once.))
((Your skin changes colour to match your surroundings (Stealth+).))
((Your rubbery body absorbs attacks. (AC +1, EV +1)))


Message History

The phantom hits you but does no damage.
You barely miss the phantom.
The phantom is heavily damaged.
The phantom closely misses you.
You hit the phantom.
The phantom is heavily damaged.
The phantom blinks!
You feel yourself speed up. The phantom misses you.
You barely miss the phantom.
The phantom is heavily damaged.
You hit the phantom.
The phantom is severely damaged.
The phantom hits you.
* * * LOW HITPOINT WARNING * * *
You closely miss the phantom.
The phantom is severely damaged.
You bite the phantom!
The phantom is almost destroyed.
The phantom hits you!
You die...

##.(.#
####.[..#
##.## ####.#
#.# #.# #.
#.# #.# #.#
###.##
##.#..##
####...s..##
+......W...#
####......##
##.##.## ##
#.# #.# #.#
#.# #.#


You could see a phantom.

Vanquished Creatures
  An ogre (D:4)
  A scorpion (D:4)
  2 hounds
  A bullfrog skeleton (D:4)
  An orc wizard (D:3)
  6 adders
  2 worms
  3 dart slugs
  5 leopard geckos
  3 orcs (D:3)
  8 bats
  A giant cockroach (D:4)
  11 goblins
  4 hobgoblins
  5 jackals
  A quokka (D:3)
  A ball python (D:2)
  4 frilled lizards
  4 kobolds
  8 rats
72 creatures vanquished.

Vanquished Creatures (collateral kills)
  An adder (D:2)
  A hobgoblin (D:2)
2 creatures vanquished.

Grand Total: 74 creatures vanquished

Notes
Turn   | Place    | Note
-------+----------+-------------------------------------------
     0 | D:1      | sking99 the Octopode Transmuter began the quest for the Orb.
     0 | D:1      | Reached XP level 1. HP: 13/13 MP: 3/3
   342 | D:1      | Reached XP level 2. HP: 16/18 MP: 3/5
   471 | D:1      | Found a shimmering altar of Xom.
   473 | D:1      | Found a hazy altar of Hepliaklqana.
   473 | D:1      | Found an ancient bone altar of Kikubaaqudgha.
   480 | D:1      | Found a snail-covered altar of Cheibriados.
   480 | D:1      | Found a shimmering altar of Xom.
   480 | D:1      | Found a stormy altar of Qazlal.
   682 | D:1      | Reached XP level 3. HP: 23/23 MP: 6/6
  1492 | D:1      | Learned a level 2 spell: Sticks to Snakes
  1496 | D:1      | Learned a level 3 spell: Spider Form
  1533 | D:2      | Found a sparkling altar of Nemelex Xobeh.
  1635 | D:2      | Reached skill level 1 in Poison Magic
  1801 | D:2      | Found a basalt altar of Yredelemnul.
  1808 | D:2      | Found a radiant altar of Vehumet.
  1808 | D:2      | Found a burning altar of Makhleb.
  1820 | D:2      | Became a worshipper of Makhleb the Destroyer
  1932 | D:2      | Found a hide-covered altar of Uskayaw.
  1995 | D:2      | Reached XP level 4. HP: 23/28 MP: 5/7
  2441 | D:3      | Reached skill level 4 in Unarmed Combat
  2441 | D:3      | Reached XP level 5. HP: 32/33 MP: 2/8
  2583 | D:3      | Found a glowing golden altar of the Shining One.
  2584 | D:3      | Found a runed door.
  2584 | D:3      | Noticed an angel
  3265 | D:3      | Found a bloodstained altar of Trog.
  3268 | D:3      | Reached * piety under Makhleb
  3672 | D:4      | Reached XP level 6. HP: 17/38 MP: 5/9
  3977 | D:4      | Reached skill level 5 in Unarmed Combat
  4011 | D:4      | Found a shadowy altar of Dithmenos.
  4410 | D:5      | Entered Level 5 of the Dungeon
  4602 | D:5      | Noticed a phantom
  4695 | D:5      | Slain by a phantom

Skill      XL: |  1  2  3  4  5  6 |
---------------+-------------------+-----
Poison Magic   | 1 2 |  2.0
Unarmed Combat | 4 5 |  5.7
Transmutations | 3 4 |  4.0
Fighting       | |  1.8
Dodging        | |  2.5
Spellcasting   | |  2.0

Action                   |  1- 3 |  4- 6 || total
-------------------------+-------+-------++-------
Melee: Unarmed           |    79 |   129 ||   208
       Constrict         |    23 |    17 ||    40
       Kick              |     7 |     3 ||    10
       Tentacles         |    10 |    13 ||    23
 Cast: Beastly Appendage |     9 |     3 ||    12
       Sticks to Snakes  |     2 |       ||     2
       Spider Form       |       |     7 ||     7
  Use: Scroll            |       |     5 ||     5
       Potion            |       |     2 ||     2
 Stab: Sleeping          |     5 |     9 ||    14
       Distracted        |     1 |       ||     1
  Eat: Chunk             |     3 |    10 ||    13
Armor: Skin              |     4 |     9 ||    13
Dodge: Dodged            |    44 |    84 ||   128
